 Dungeon Crawl Stone Soup version 0.22-a0-848-ge9e22a0 (webtiles) character file.

1778 Supahsalami the Cudgeler (level 9, -5/56 HPs)
             Began as a Gargoyle Fighter on July 27, 2018.
             Was a Believer of Okawaru.
             Slain by an ogre
             ... wielding a +0 giant spiked club
              (26 damage)
             ... on level 6 of the Dungeon.
             The game lasted 00:21:56 (6554 turns).

Supahsalami the Cudgeler (Gargoyle Fighter)         Turns: 6554, Time: 00:21:57

Health: -5/56      AC: 17    Str: 23    XL:     9   Next: 8%
Magic:  8/10       EV: 11    Int:  9    God:    Okawaru [**....]
Gold:   301        SH: 12    Dex:  9    Spells: 8/8 levels left

rFire    . . .     SeeInvis .   a - +0 flail
rCold    . . .     Gourm    .   c - +0 shield
rNeg     + + .     Faith    .   B - +0 scale mail of Bobb {rN+} (curse)
rPois    ∞         Spirit   .   (no helmet)
rElec    +         Reflect  .   (no cloak)
rCorr    .         Harm     .   i - +0 pair of gloves
MR       .....                  (no boots)
Stlth    +.........             b - amulet of rage
HPRegen  0.18/turn              (no ring)
MPRegen  0.12/turn              (no ring)

@: heroism
A: negative energy resistance 1, electricity resistance, unbreathing,
petrification resistance, rot immunity, AC +6
a: Heroism, Renounce Religion, Evoke Berserk Rage


You were on level 6 of the Dungeon.
You worshipped Okawaru.
Okawaru was pleased with you.
You were hungry.

You visited 2 branches of the dungeon, and saw 7 of its levels.

You collected 301 gold pieces.

Inventory:

Hand Weapons
 a - a +0 flail (weapon)
Missiles
 h - 81 stones (quivered)
 C - 5 tomahawks
Armour
 c - a +0 shield (worn)
 d - a +0 chain mail of cold resistance
 i - a +0 pair of gloves (worn)
 B - the cursed +0 scale mail of Bobb (worn) {rN+}
   (You found it on level 6 of the Dungeon)

   It protects you from negative energy.
   It has a curse placed upon it.
Jewellery
 b - an amulet of rage (around neck)
Wands
 A - a wand of polymorph (3)
Scrolls
 e - a scroll of immolation {unknown}
 g - a scroll of enchant weapon {unknown}
 l - 3 scrolls of fear {unknown}
 m - a scroll of enchant armour {unknown}
 n - 2 scrolls of magic mapping {unknown}
 o - 5 scrolls of remove curse
 p - 2 scrolls of teleportation {unknown}
 v - a scroll of fog {unknown}
 x - 2 scrolls of noise {unknown}
 y - 2 scrolls of amnesia {unknown}
 z - a scroll of identify
Potions
 j - a potion of lignification
 q - 4 potions of curing
 r - a potion of berserk rage
 s - a potion of heal wounds
 t - 2 potions of brilliance
 u - 3 potions of flight
 w - a potion of cancellation {unknown}
Comestibles
 f - 6 rations


   Skills:
 + Level 6.3(11.3) Fighting
 * Level 7.3(12.3) Maces & Flails
 + Level 6.3(11.3) Armour
 + Level 6.3(11.3) Shields
 + Level 1.5 Invocations
 + Level 1.2 Evocations


You had 8 spell levels left.
You didn't know any spells.
Your spell library was empty.

Dungeon Overview and Level Annotations

Branches:
Dungeon (6/15)             Temple (1/1) D:4

Altars:
Ashenzari
Cheibriados
Dithmenos
Elyvilon
Fedhas
Gozag
Hepliaklqana
Kikubaaqudgha
Makhleb
Nemelex Xobeh
Okawaru
Qazlal
Ru
Sif Muna
Trog
Uskayaw
Vehumet
Wu Jian
Xom
Yredelemnul
Zin

Shops:
D:6 [:

Annotations:
D:5 1 runed door, exclusion: door, ReniFell's ghost, novice MiGl


Innate Abilities, Weirdness & Mutations

You are resistant to torment.
Your stone body is resilient. (AC +6)
You are immune to poison.
You resist negative energy. (rN+)
You are resistant to electric shocks. (rElec)
You can survive without breathing.
You are immune to petrification.
You are immune to rotting.


Message History

You hit the bullfrog skeleton.
The bullfrog skeleton is severely damaged.
You block the bullfrog skeleton's attack.
You sock the bullfrog skeleton!
You destroy the bullfrog skeleton!
Okawaru accepts your kill.
No target in view!
A bullfrog and an ogre come into view.
The ogre shouts!
The ogre hits you with a giant spiked club!!
You hit the ogre but do no damage. You hit the ogre.
The ogre is lightly wounded.
The ogre hits you with a giant spiked club!
You gain the combat prowess of a mighty hero.
The ogre barely misses you.
You hit the ogre.
The ogre is moderately wounded.
The ogre hits you with a giant spiked club!!
You die...

####################
#...................
######.##################
.........@OF..... ......
#####.#.#.#....## #####
#.#.#.# ...# # #.#.# ..#
..#.# .# ..#.#
############# ...#..
............ .#.###
#........[. ##.####.)[.


You could see an ogre and a bullfrog.

Vanquished Creatures
  Sigmund (D:3)
  Menkaure (D:5)
  Duvessa (D:4)
  Purgy (D:4)
  An orc warrior (D:6)
  A phantom (D:4)
  An ogre (D:6)
  Dowan (D:4)
  2 scorpions
  A crimson imp (D:6)
  A centaur zombie (D:6)
  A jelly (D:5)
  6 orc priests
  A bullfrog skeleton (D:6)
  A hound (D:5)
  Jessica (D:3)
  4 worker ants
  Natasha (thrice) (D:4)
  4 orc wizards
  A hound skeleton (D:4)
  9 adders
  2 shadow imps (D:5)
  2 oozes
  An adder skeleton (D:4)
  5 worms
  5 leopard geckos
  20 orcs
  13 bats
  5 giant cockroaches
  3 goblins
  3 hobgoblins
  5 jackals
  3 quokkas
  10 ball pythons
  7 frilled lizards
  3 kobolds
  A quokka skeleton (D:4)
  8 rats
139 creatures vanquished.

Notes
Turn   | Place    | Note
-------+----------+-------------------------------------------
     0 | D:1      | Supahsalami the Gargoyle Fighter began the quest for the Orb.
     0 | D:1      | Reached XP level 1. HP: 14/14 MP: 1/1
   293 | D:1      | Reached XP level 2. HP: 19/19 MP: 2/2
   856 | D:2      | Reached XP level 3. HP: 20/23 MP: 3/3
  1063 | D:2      | Reached skill level 3 in Maces & Flails
  1404 | D:3      | Reached XP level 4. HP: 24/29 MP: 4/4
  1482 | D:3      | Noticed Jessica
  1489 | D:3      | Killed Jessica
  1809 | D:3      | Reached XP level 5. HP: 31/33 MP: 5/5
  2004 | D:3      | Noticed Sigmund
  2693 | D:3      | Killed Sigmund
  2693 | D:3      | Reached skill level 4 in Maces & Flails
  2693 | D:3      | Reached XP level 6. HP: 26/39 MP: 6/6
  3004 | D:4      | Noticed Natasha
  3014 | D:4      | Killed Natasha
  3064 | D:4      | Reached XP level 7. HP: 27/44 MP: 7/7
  3224 | D:4      | Noticed Natasha
  3239 | D:4      | Killed Natasha
  3344 | D:4      | Reached skill level 5 in Maces & Flails
  3359 | D:4      | Noticed Purgy
  3360 | D:4      | Noticed Natasha
  3372 | D:4      | Killed Natasha
  3396 | D:4      | Killed Purgy
  3396 | D:4      | Reached skill level 5 in Fighting
  3396 | D:4      | Reached skill level 5 in Armour
  3396 | D:4      | Reached skill level 5 in Shields
  3518 | D:4      | Noticed Dowan
  3519 | D:4      | Noticed Duvessa
  3615 | D:4      | Found a staircase to the Ecumenical Temple.
  3632 | Temple   | Entered the Ecumenical Temple
  3722 | Temple   | Became a worshipper of Warmaster Okawaru
  4157 | D:4      | Killed Duvessa
  4157 | D:4      | Reached XP level 8. HP: 47/49 MP: 8/8
  4174 | D:4      | Killed Dowan
  4174 | D:4      | Reached skill level 6 in Maces & Flails
  4577 | D:5      | Entered Level 5 of the Dungeon
  4811 | D:5      | Noticed Menkaure
  4826 | D:5      | Killed Menkaure
  4826 | D:5      | Reached * piety under Okawaru
  5549 | D:5      | Found a runed door.
  5636 | D:5      | Noticed ReniFell's ghost (novice MiGl)
  5889 | D:6      | Got a polished scale mail
  5900 | D:6      | Identified the cursed +0 scale mail of Bobb {rN+} (You found it on level 6 of the Dungeon)
  5921 | D:6      | Found Cudd's Armour Shoppe.
  5933 | D:6      | Reached skill level 7 in Maces & Flails
  6163 | D:6      | Found Gagogewn's Book Shop.
  6339 | D:6      | Reached skill level 1 in Invocations
  6339 | D:6      | Reached skill level 1 in Evocations
  6339 | D:6      | Reached XP level 9. HP: 52/55 MP: 7/9
  6371 | D:6      | Reached ** piety under Okawaru
  6554 | D:6      | Slain by an ogre

Vault maps used:
D:1:      saegor_arrival_simple_d, minmay_tromino_v4_c
D:3:      hex_tiny, hangedman_abyss_or_decor_stabs, st_stairs_9,
          kennysheep_another_room, minmay_snake_closets, uniq_sigmund,
          uniq_jessica
D:4:      minmay_temple_entry_trees, first_ration, lightli_minifort, uniq_purgy,
          uniq_duvessa, uniq_natasha
D:5:      ebering_ghost_reflecting_pool, kennysheep_generic_room_12,
          uniq_menkaure
D:6:      serial_shops, shop, shop, nicolae_shop_waterfront, shop_coins,
          ebering_ghost_inner_flame, minivault_25
Temple:   compressed_dpeg_circular_temple

Skill      XL: |  1  2  3  4  5  6  7  8 |
---------------+-------------------------+-----
Maces & Flails | 3 4 5 7 |  7.3
Armour         | 4 5 6 |  6.3
Shields        | 4 5 6 |  6.3
Fighting       | 4 5 6 |  6.3
Invocations    | 1 |  1.5
Evocations     | 1 |  1.2

Action                   |  1- 3 |  4- 6 |  7- 9 || total
-------------------------+-------+-------+-------++-------
Melee: Flail             |   144 |   239 |   303 ||   686
       Unarmed           |       |     4 |       ||     4
Throw: Stone             |       |     9 |       ||     9
Invok: Heroism           |       |       |     4 ||     4
 Abil: Evoke Berserk Rag |       |       |     2 ||     2
Evoke: Wand              |       |       |     5 ||     5
  Use: Scroll            |       |     4 |     4 ||     8
       Potion            |       |     1 |       ||     1
  Eat: Chunk             |     2 |     3 |    12 ||    17
       Ration            |       |     1 |       ||     1
Armor: Scale mail        |   141 |   140 |    93 ||   374
       Skin              |       |     1 |       ||     1
       Troll leather arm |       |       |    63 ||    63
Dodge: Dodged            |    72 |    59 |    95 ||   226
Block: Shield            |    94 |   119 |   157 ||   370

Table legend:
 A = Spawn XP
 B = Non-spawn XP
 C = Spawn XP percentage of total XP
 D = Spawn monster count
 E = Non-spawn monster count
 F = Spawn count percentage of total count
 G = Total turns spent on level
                    A         B        C        D         E        F      G
               +---------+---------+-------+---------+---------+-------+---------
         Total |       0 |    2540 |   0.0 |       0 |     139 |   0.0 |  6554
               +---------+---------+-------+---------+---------+-------+---------
           D:1 |       0 |      28 |   0.0 |       0 |      20 |   0.0 |   838
           D:2 |       0 |      65 |   0.0 |       0 |      21 |   0.0 |  1003
           D:3 |       0 |     355 |   0.0 |       0 |      30 |   0.0 |  1134
           D:4 |       0 |    1012 |   0.0 |       0 |      31 |   0.0 |  1568
           D:5 |       0 |     531 |   0.0 |       0 |      23 |   0.0 |  1216
           D:6 |       0 |     549 |   0.0 |       0 |      14 |   0.0 |   693
               +---------+---------+-------+---------+---------+-------+---------
